 Dungeon Crawl Stone Soup version 0.30.1 (webtiles) character file.

Game seed: 13652585655286774238

67 Arctor the Insei (level 4, 0/29 HPs)
             Began as an Octopode Transmuter on July 9, 2023.
             Succumbed to an adder's poison
             ... on level 3 of the Dungeon.
             The game lasted 00:01:49 (2082 turns).

Arctor the Insei (Octopode Transmuter)              Turns: 2082, Time: 00:01:50

Health: 0/29       AC:  1    Str:  8 (9)  XL:     4   Next: 16%
Magic:  7/7        EV: 13    Int: 16 (17) God:
Gold:   106        SH:  0    Dex:  9 (12) Spells: 6/7 levels left

rFire   . .          .
                       - Unarmed
rCold   + . .        (no shield)
rNeg    . . .        (helmet restricted)
rPois   .            c - amulet of magic regeneration
rElec   .            f - ring of protection from cold
rCorr   .            (no ring)
SInv    .            (no ring)
Will    .....        (no ring)
Stlth   ++           (no ring)
HPRegen 0.24/turn    (no ring)
MPRegen 0.50/turn    (no ring)
                     (no ring)

%: no passive effects
@: lethally poisoned (0 -> -1)
A: almost no armour, amphibious, 8 rings, camouflage 1, gelatinous body 1,
(nimble swimmer 1), tentacles
a: no special abilities


You were on level 3 of the Dungeon.
You visited 1 branch of the dungeon, and saw 3 of its levels.

You collected 106 gold pieces.

Inventory:

Jewellery
 c - an amulet of magic regeneration (around mantle)
 f - a ring of protection from cold (left tentacle)
Scrolls
 d - a scroll of poison {unknown}
 g - a scroll of noise {unknown}
 h - a scroll of teleportation {unknown}
 i - a scroll of identify {unknown}
 j - a scroll of fog {unknown}
 m - a scroll of brand weapon {unknown}
Potions
 a - 3 potions of lignification
 b - a potion of degeneration
 e - a potion of haste {unknown}
 k - a potion of heal wounds {unknown}
 l - a potion of might {unknown}


   Skills:
 + Level 1.8 Fighting
 + Level 2.5 Dodging
 + Level 3.4 Unarmed Combat
 + Level 2.4 Spellcasting
 + Level 2.6 Transmutations


You had 6 spell levels left.
You knew the following spells:

 Your Spells              Type           Power      Damage    Failure   Level
a - Beastly Appendage     Tmut           20%        N/A       7%          1

Your spell library contained the following spells:

 Spells                   Type           Power      Damage    Failure   Level
 Wereblood                Tmut           10%        N/A       11%         2
 Freeze                   Ice            4%         1d3       21%         1
 Spider Form              Tmut/Pois      6%         N/A       34%         3
 Frozen Ramparts          Ice            2%         1d1       52%         3
 Hailstorm                Conj/Ice       1%         3d3       52%         3
 Inner Flame              Hex/Fire       1%         N/A       52%         3
 Ice Form                 Ice/Tmut       6%         N/A       75%         4
 Yara's Violent Unravell  Hex/Tmut       3%         3d4       97%         5
 Enfeeble                 Hex            0%         N/A       100%        7


Dungeon Overview and Level Annotations

Branches:
Dungeon (3/15)

Altars:

Shops:
D:2 :


Innate Abilities, Weirdness & Mutations

You cannot wear most types of armour.
You are amphibious.
You can wear up to eight rings at the same time.
Your skin changes colour to match your surroundings (Stealth+).
Your rubbery body absorbs attacks. (AC +1, EV +1)
((You are camouflaged when in or above water. (Stealth+)))
You have tentacles for arms and can constrict up to eight enemies at once.


Message History

The bat hits you but does no damage. The bat hits you but does no damage.
The adder attacks as you move away! The adder bites you.
* * * LOW HITPOINT WARNING * * *
The bat completely misses you. The bat completely misses you.
The adder attacks as you move away! The adder misses you.
Your tentacle spike disappears.
The bat hits you but does no damage. The bat barely misses you.
The bat hits you but does no damage.
You tentacle-slap the bat. You grab the bat. Your squeeze misses the bat.
The bat is severely wounded.
You constrict the bat.
You kill the bat!
You have reached level 4!
You barely miss the adder. Your grab misses the adder.
Your squeeze misses the adder. The adder bites you.
* * * LOW HITPOINT WARNING * * *
You are poisoned.
The adder poisons you! The adder bites you.
* * * LOW HITPOINT WARNING * * *
You tentacle-slap the adder. You grab the adder. You squeeze the adder.
The adder is moderately wounded.
You constrict the adder.
* * * LOW HITPOINT WARNING * * *
You feel sick. The adder closely misses you.
You tentacle-slap the adder but do no damage.
The adder is heavily wounded.
You constrict the adder.
* * * LOW HITPOINT WARNING * * *
You feel sick. The adder bites you.
* * * LOW HITPOINT WARNING * * *
You tentacle-slap the adder.
You kill the adder!
* * * LOW HITPOINT WARNING * * *
You feel sick.
It was a potion of degeneration.
There was something very wrong with that liquid.
You feel weakened.
You feel dopey.
You feel clumsy.
You die...

..............# #.#....####.####.
###...####.######........##.####.
#...## #..................##...
#...# #.### #<........##.##.#.
#...# #.# #............[..#.
#.).# ##.#####.........#..####.
#..>####$....###.......##..# #.
##............######...###.... ..
....###.#......S@.....## #.......
##..# ##.############ ###.###.
....# #.# .# ###g# #S# .# #.#
#.#### #.# #.##....# #g#
#.#####.# #.###.# #.# ###.g.?.#
#.#


You could see a ball python.

Vanquished Creatures
  2 adders
  A dart slug (D:2)
  An orc (D:3)
  2 endoplasms
  2 giant cockroaches
  6 goblins
  2 hobgoblins
  6 kobolds
  3 quokkas
  6 ball pythons
  3 bats
  3 frilled lizards
  8 rats (D:1)
45 creatures vanquished.

Notes
Turn   | Place    | Note
-------+----------+-------------------------------------------
     0 | D:1      | Arctor the Octopode Transmuter began the quest for the Orb.
     0 | D:1      | Reached XP level 1. HP: 13/13 MP: 3/3
   170 | D:1      | Reached XP level 2. HP: 16/18 MP: 3/5
   256 | D:1      | Found a faded altar of an unknown god.
   664 | D:1      | Reached XP level 3. HP: 21/23 MP: 4/6
  1294 | D:2      | Found Eceumop's Vocational Training.
  2078 | D:3      | Reached XP level 4. HP: 10/29 MP: 7/7
  2081 | D:3      | HP: 1/29 [poisoned by an adder]
  2082 | D:3      | Succumbed to an adder's poison

Illustrated notes

Levels and vault maps discovered:
D:1:      wheals_arrival_linesprint, layout_basic,
          chequers_ecumenical_altar_simple, st_stairs_7
D:2:      layout_loops_ring, nicolae_shop_vocational
D:3:      layout_loops_ring, gup_sewer_entry_spiral

Action                     |  1- 3 |  4- 6 || total
---------------------------+-------+-------++-------
  Melee: Unarmed           |    96 |     4 ||   100
         Constrict         |    25 |     1 ||    26
         Tentacles         |    13 |     1 ||    14
         Kick              |    20 |       ||    20
   Cast: Beastly Appendage |    39 |       ||    39
    Use: Potion            |       |     1 ||     1
   Stab: Sleeping          |     6 |       ||     6
 Armour: Skin              |    23 |       ||    23
  Dodge: Dodged            |    84 |     1 ||    85
